 Dungeon Crawl Stone Soup version 0.30-a0-760-g5a9884bb7c (webtiles) character file.

Game seed: 7322618158751072711

55 cheesebisquit the Digger (level 3, -1/20 HPs)
             Began as a Gargoyle Earth Elementalist on Feb 10, 2023.
             Hit by a boomerang thrown by an orc (2 damage)
             ... on level 2 of the Dungeon.
             The game lasted 00:04:18 (885 turns).

cheesebisquit the Digger (GrEE)                      Turns: 885, Time: 00:04:19

Health: -1/20      AC:  5    Str: 11    XL:     3   Next: 93%
Magic:  6/6        EV: 10    Int: 17    God:
Gold:   46         SH:  6    Dex: 10    Spells: 6/7 levels left

rFire   . . .      SeeInvis .    d - +0 war axe
rCold   . . .      Faith    .    j - +0 kite shield
rNeg    + . .      Spirit   .    a - +0 robe
rPois   ∞          Reflect  .    (no helmet)
rElec   +          Harm     .    (no cloak)
rCorr   .          Rampage  .    (no gloves)
Will    .....                    (no boots)
Stlth   ++                       (no amulet)
HPRegen 0.23/turn                (no ring)
MPRegen 0.10/turn                (no ring)

@: very slightly contaminated
A: sickness immunity, AC +3, negative energy resistance 1, electricity
resistance, torment resistance 1, petrification resistance
a: no special abilities


You were on level 2 of the Dungeon.
You visited 1 branch of the dungeon, and saw 2 of its levels.

You collected 46 gold pieces.

Inventory:

Hand Weapons
 d - a +0 war axe (weapon)
 g - a +1 antimagic dagger
Armour
 a - a +0 robe (worn)
 j - a +0 kite shield (worn)
Jewellery
 i - an amulet of guardian spirit
Scrolls
 f - 3 scrolls of identify {unknown}
 k - a scroll of teleportation {unknown}
Potions
 c - a potion of invisibility {unknown}
 e - a potion of heal wounds {unknown}
 h - a potion of curing {unknown}
 l - a potion of mutation {unknown}


   Skills:
 + Level 1.5 Fighting
 - Level 1.5 Dodging
 - Level 2.1 Stealth
 + Level 0.7 Shields
 + Level 2.5 Spellcasting
 - Level 0.7 Transmutations
 * Level 4.7 Earth Magic


You had 6 spell levels left.
You knew the following spells:

 Your Spells              Type           Power      Damage    Failure   Level
a - Sandblast             Erth           36%        2d10      9%          1

Your spell library contained the following spells:

 Spells                   Type           Power      Damage    Failure   Level
 Passwall                 Tmut/Erth      9%         N/A       30%         2
 Slow                     Hex            8%         N/A       54%         1
 Stone Arrow              Conj/Erth      20%        3d8       58%         3
 Confusing Touch          Hex            2%         N/A       88%         3
 Vampiric Draining        Necr           2%         2d6       88%         3
 Petrify                  Tmut/Erth      11%        N/A       90%         4


Dungeon Overview and Level Annotations

Branches:
Dungeon (2/15)

Altars:

Shops:
D:1 !

Annotations:
D:2 Sigmund


Innate Abilities, Weirdness & Mutations

You are immune to sickness and miasma.
Your stone body is resilient. (AC +3)
You are immune to poison.
You resist negative energy. (rN+)
You are resistant to electric shocks. (rElec)
You are resistant to unholy torment.
You are immune to petrification.


Message History

You open the door.
There is an open door here.
Sigmund the Dreaded comes into view.
He is wielding a +0 scythe.
You miscast Sandblast.
You are very lightly contaminated with residual magic.
Nothing appears to happen.
You miscast Sandblast.
Nothing appears to happen.
Sigmund shouts!
An orc comes into view. It is wielding a +0 hand axe.
The blast of sand hits Sigmund!
Sigmund is moderately wounded.
The orc shouts!
Sigmund hits you from afar with a +0 scythe.
The orc throws a boomerang.
The boomerang hits you.
The blast of sand hits Sigmund.
Sigmund is heavily wounded.
A dart slug comes into view.
Sigmund hits you from afar with a +0 scythe.
You are too injured to fight recklessly!
Aiming: Sandblast (safe; 9% risk of failure)
Press: ? - help, Q - select action Shift-Dir - straight line, f/p - Sigmund
Aim: Sigmund, wielding a +0 scythe and wearing a +0 robe (heavily wounded, 80% to hit)
The blast of sand hits Sigmund!
Sigmund is severely wounded.
An orc comes into view. It is wielding a +0 dagger.
Sigmund hits you from afar with a +0 scythe!
* * * LOW HITPOINT WARNING * * *
The orc throws a boomerang.
You block the boomerang.
The orc moves out of view.
Aiming: Sandblast (safe; 9% risk of failure)
Press: ? - help, Q - select action Shift-Dir - straight line, f/p - Sigmund
Aim: Sigmund, wielding a +0 scythe and wearing a +0 robe (severely wounded, 80% to hit)
You miscast Sandblast.
Nothing appears to happen.
The dart slug launches a dart at you. The slug dart misses you.
The orc throws a boomerang.
The boomerang hits you.
* * * LOW HITPOINT WARNING * * *
Magic courses through your body. Sigmund gestures at you while chanting.
You resist with significant effort.
The orc throws a boomerang.
The boomerang hits you.
You die...

#.........
####.........
............
##.##..........
...............
###.####'#############
................†...>#
###.####......######.#
#@.....######.##
+...@.......+.......#
#.#.........######..#
#...########......#
#.o. #####.###..# #w..
...........# ...#
......##...### ....
..............
.#######.#####


You could see Sigmund, a dart slug and an orc.

Vanquished Creatures
  An adder (D:2)
  A worm (D:1)
  A dart slug (D:1)
  4 ball pythons (D:1)
  5 endoplasms (D:1)
  2 giant cockroaches (D:1)
  5 goblins (D:1)
  4 hobgoblins (D:1)
  2 jackals (D:1)
  3 kobolds
  3 quokkas
  A bat (D:1)
  A frilled lizard (D:1)
  A rat (D:2)
34 creatures vanquished.

Notes
Turn   | Place    | Note
-------+----------+-------------------------------------------
     0 | D:1      | cheesebisquit the Gargoyle Earth Elementalist began the
                  | quest for the Orb.
     0 | D:1      | Reached XP level 1. HP: 10/10 MP: 3/3
    63 | D:1      | Reached XP level 2. HP: 16/16 MP: 0/5
    68 | D:1      | Reached skill level 4 in Earth Magic
   158 | D:1      | Reached skill level 1 in Fighting
   272 | D:1      | Found Xopoyz's Distillery.
   418 | D:1      | Reached XP level 3. HP: 20/20 MP: 4/6
   878 | D:2      | Noticed Sigmund
   883 | D:2      | HP: 1/20 [Sigmund/+0 scythe (9)]
   885 | D:2      | Hit by a boomerang thrown by an orc

Illustrated notes

Levels and vault maps discovered:
D:1:      zelgadis_glass_arrival_small, layout_rooms, serial_shops, shop,
          minmay_indecisive_spiral
D:2:      layout_basic, hellmonk_ecumenical_altar_blasted, uniq_sigmund

Skill      XL: |  1  2 |
---------------+-------+-----
Earth Magic    | 4 |  4.7
Fighting       | 1 |  1.5
Dodging        | |  1.5
Stealth        | |  2.1
Shields        | |  0.7
Spellcasting   | |  2.5
Transmutations | |  0.7

Action                     || total
---------------------------++-------
  Melee: War axe           ||    15
   Cast: Sandblast         ||    44
    Use: Potion            ||     1
 Armour: Robe              ||     8
  Dodge: Dodged            ||    12
  Block: Kite shield       ||     7

Table legend: (Time is in decaauts)
 A = Elapsed time spent in this place.
 B = Non-inter-level travel time spent in this place.
 C = Inter-level travel time spent in this place.
 D = Time resting spent in this place.
 E = Time spent auto-exploring this place.
 F = Levels seen in this place.
 G = Mean time per level.
                   A        B        C        D        E       F      G
               +--------+--------+--------+--------+--------+-----+--------+
         Total |    915 |    887 |     28 |     50 |    623 |   2 |  457.5 |
       Dungeon |    915 |    887 |     28 |     50 |    623 |   2 |  457.5 |
               +--------+--------+--------+--------+--------+-----+--------+

Top non-repeatable levels by time:
     D:1: 802 daAuts
     D:2: 112 daAuts
